 Dungeon Crawl Stone Soup version 0.28-a0-1206-g193881aaa2 (webtiles) character file.

Game seed: 16239956868878732630

30 chunkyMonkey the Skirmisher (level 3, -3/30 HPs)
             Began as a Barachi Fighter on Dec 20, 2021.
             Slain by an adder (4 damage)
             ... on level 1 of the Dungeon.
             The game lasted 00:02:23 (1842 turns).

chunkyMonkey the Skirmisher (Barachi Fighter)       Turns: 1842, Time: 00:02:24

Health: -3/30      AC:  7    Str: 19    XL:     3   Next: 18%
Magic:  3/3        EV:  9    Int:  8    God:
Gold:   51         SH:  4    Dex: 11    Spells: 3/3 levels left

rFire   . . .      SeeInvis .   f - +0 scimitar
rCold   . . .      Faith    .   c - +0 buckler
rNeg    . . .      Spirit   .   b - +0 scale mail
rPois   .          Reflect  .   (no helmet)
rElec   .          Harm     .   (no cloak)
rCorr   .          Rampage  .   (no gloves)
Will    .....                   (no boots)
Stlth   ..........              (no amulet)
HPRegen 0.10/turn               (no ring)
MPRegen 0.08/turn               (no ring)

@: mighty, unable to hop, slow
A: amphibious, slowness 1, strong legs 1, +LOS
a: Hop


You were on level 1 of the Dungeon.
You visited 1 branch of the dungeon, and saw 2 of its levels.

You collected 51 gold pieces.

Inventory:

Hand Weapons
 f - a +0 scimitar (weapon)
Armour
 b - a +0 scale mail (worn)
 c - a +0 buckler (worn)
Scrolls
 a - a scroll of magic mapping {unknown}
 e - 3 scrolls of identify {unknown}
 g - a scroll of fear {unknown}


   Skills:
 * Level 4.0 Fighting
 * Level 2.8 Long Blades
 * Level 3.9 Armour
 + Level 0.5 Dodging
 * Level 3.6 Shields
 + Level 0.5 Spellcasting


You had 3 spell levels left.
You didn't know any spells.
Your spell library was empty.

Dungeon Overview and Level Annotations

Branches:
Dungeon (2/15)

Altars:

Shops:
D:1 =

Annotations:
D:2 Robin


Innate Abilities, Weirdness & Mutations

You are amphibious.
You cover ground slowly.
You can hop short distances.
You have an extended range of vision and can be seen from far away.


Message History

Robin hits you from afar with a +0 spear.
The goblin unwields a +0 dagger.
The goblin wields a +0 hunting sling.
The goblin shoots a stone.
The stone hits you.
* * * LOW HITPOINT WARNING * * *
You can't go up here!
You feel sick.
Robin hits you from afar with a +0 spear.
* * * LOW HITPOINT WARNING * * *
You feel sick.
Robin says, "Kneel, worm!"
Robin hits you but does no damage. The adder bites you but does no damage.
Robin roars a battlecry!
The goblin goes into a battle-frenzy!
There is a stone staircase leading up here.
You feel sick.
You are no longer poisoned.
The adder bites you but does no damage.
The goblin shoots a stone.
The stone hits you but does no damage. You block Robin's attack.
You climb upwards.
There is a stone staircase leading down here.
Unknown command.
You feel very mighty all of a sudden. The adder barely misses you.
The adder bites you but does no damage.
You hit the adder.
The adder is moderately wounded.
The adder bites you but does no damage. The adder closely misses you.
You closely miss the adder.
The adder is moderately wounded.
The adder barely misses you.
You miss the adder.
The adder is moderately wounded.
You block the adder's attack. The adder bites you.
* * * LOW HITPOINT WARNING * * *
You miss the adder.
The adder is moderately wounded.
The adder closely misses you.
You closely miss the adder.
The adder is moderately wounded.
The adder bites you.
You die...

....##.......#...# #.#
#...##...........## #.#
#...##......#.....### #.#
########+##.#....##.# #.# ######
#.##.#....##.####.# .....#
#.##.#)...........# ####.#
#†##.#.#..##.####.#
.....###.##.#....##.####)########
...............S@................
............#....##.####.########
####..#######....##.# #.####.###
####..........^..##.####.#.......
..........###............#.##..##
.###..###.###....##.######.##..#
..#..............##.# #.##..#
..#..............##.# #.##..##
.................##.######.##....


You could see an adder.

Vanquished Creatures
  2 endoplasms (D:1)
  A giant cockroach (D:1)
  10 goblins
  A hobgoblin (D:2)
  2 kobolds (D:1)
  A quokka (D:1)
  2 ball pythons (D:1)
  3 bats (D:1)
  3 rats (D:1)
25 creatures vanquished.

Vanquished Creatures (others)
  2 plants (D:2)
2 creatures vanquished.

Grand Total: 27 creatures vanquished

Notes
Turn   | Place    | Note
-------+----------+-------------------------------------------
     0 | D:1      | chunkyMonkey the Barachi Fighter began the quest for the
                  | Orb.
     0 | D:1      | Reached XP level 1. HP: 18/18 MP: 1/1
   162 | D:1      | You fall into a shaft and drop 1 floor!
   162 | D:2      | Noticed Robin
   190 | D:1      | Reached XP level 2. HP: 16/25 MP: 2/2
  1145 | D:1      | Found Hanow's Jewellery Shop.
  1328 | D:1      | Reached XP level 3. HP: 30/30 MP: 3/3
  1520 | D:1      | Reached skill level 4 in Fighting
  1840 | D:1      | HP: 1/30 [adder (2)]
  1842 | D:1      | Slain by an adder

Illustrated notes

Levels and vault maps discovered:
D:1:      lightli_arrival_flooded_house, layout_basic, serial_shops,
          shop_fountains
D:2:      wad_lake_hut, layout_rooms, uniq_robin, uniq_jessica

Skill      XL: |  1  2  3 |
---------------+----------+-----
Fighting       | 4 |  4.0
Long Blades    | |  2.8
Armour         | |  3.9
Dodging        | |  0.5
Shields        | |  3.6
Spellcasting   | |  0.5

Action                   || total
-------------------------++-------
Melee: Scimitar          ||   101
 Abil: Hop               ||     1
  Use: Potion            ||     1
Armor: Scale mail        ||    73
Dodge: Dodged            ||    71
Block: Buckler           ||    29

Table legend: (Time is in decaauts)
 A = Elapsed time spent in this place.
 B = Non-inter-level travel time spent in this place.
 C = Inter-level travel time spent in this place.
 D = Time resting spent in this place.
 E = Time spent auto-exploring this place.
 F = Levels seen in this place.
 G = Mean time per level.
                   A        B        C        D        E       F      G
               +--------+--------+--------+--------+--------+-----+--------+
         Total |   2007 |   1982 |     25 |    946 |    719 |   2 | 1003.5 |
       Dungeon |   2007 |   1982 |     25 |    946 |    719 |   2 | 1003.5 |
               +--------+--------+--------+--------+--------+-----+--------+

Top non-repeatable levels by time:
     D:1: 1936 daAuts
     D:2: 71 daAuts
